 Dungeon Crawl Stone Soup version 0.29-a0-473-gacb4ef3 (webtiles) character file.

Game seed: 6748991066417554761

984 Toastz the Ruffian (level 7, -9/61 HPs)
             Began as a Black Draconian Transmuter on May 23, 2022.
             Was an Initiate of Makhleb.
             Mangled by an orc warrior
             ... wielding a +0 falchion
              (14 damage)
             ... on level 6 of the Dungeon.
             The game lasted 00:13:20 (6305 turns).

Toastz the Ruffian (Black Draconian Transmuter)     Turns: 6305, Time: 00:13:20

Health: -9/61      AC:  7    Str: 15    XL:     7   Next: 97%
Magic:  10/10      EV: 12    Int: 13    God:    Makhleb [......]
Gold:   298        SH:  0    Dex: 11    Spells: 7/10 levels left

rFire   . . .      SeeInvis .     - Unarmed
rCold   + . .      Faith    .   (no shield)
rNeg    + . .      Spirit   .   (body armour unavailable)
rPois   .          Reflect  .   (helmet currently unavailable)
rElec   +          Harm     .   a - +0 cloak
rCorr   .          Rampage  .   (no gloves)
Will    .....                   (boots currently unavailable)
Stlth   +.........              (no amulet)
HPRegen 0.20/turn               i - ring of positive energy
MPRegen 0.12/turn               l - ring of protection from cold

@: appendages (expiring), attractive, hasted, very quick
A: horns 2, talons 2, breathe lightning, AC +6, unfitting armour, electricity
resistance, cold-blooded
a: Breathe Lightning, End Transformation, Renounce Religion


You were on level 6 of the Dungeon.
You worshipped Makhleb.
Makhleb was noncommittal.
You had temporarily grown beastly horns and talons.
You visited 2 branches of the dungeon, and saw 7 of its levels.

You collected 298 gold pieces.

Inventory:

Missiles
 g - 197 stones (quivered)
 q - a throwing net
Armour
 a - a +0 cloak (worn)
Jewellery
 i - a ring of positive energy (left hand)
 l - a ring of protection from cold (right hand)
 r - a ring of ice
Wands
 f - a wand of digging (5)
Scrolls
 b - a scroll of silence {unknown}
 j - a scroll of identify
 k - 2 scrolls of fog
 m - a scroll of poison {unknown}
 o - a scroll of blinking {unknown}
Potions
 d - 3 potions of curing
 e - 3 potions of mutation
 h - a potion of flight {unknown}
 n - a potion of attraction
 p - a potion of haste


   Skills:
 + Level 5.6 Fighting
 + Level 2.6 Dodging
 * Level 7.9 Unarmed Combat
 - Level 2.0 Spellcasting
 - Level 2.0 Transmutations


You had 7 spell levels left.
You knew the following spells:

 Your Spells              Type           Power      Damage    Failure   Level
a - Beastly Appendage     Tmut           12%        N/A       11%         1
b - Wereblood             Tmut           6%         N/A       17%         2

Your spell library contained the following spells:

 Spells                   Type           Power      Damage    Failure   Level
 Necrotize                Necr           4%         1d4       26%         1
 Spider Form              Tmut/Pois      3%         N/A       45%         3
 Vampiric Draining        Necr           1%         2d6       58%         3
 Ice Form                 Ice/Tmut       3%         N/A       86%         4
 Agony                    Necr           1%         N/A       100%        5


Dungeon Overview and Level Annotations

Branches:
Dungeon (6/15)             Temple (1/1) D:5

Altars:
Ashenzari
Cheibriados
Dithmenos
Elyvilon
Fedhas
Gozag
Hepliaklqana
Kikubaaqudgha
Makhleb
Nemelex Xobeh
Okawaru
Qazlal
Ru
Sif Muna
Trog
Uskayaw
Vehumet
Wu Jian
Xom
The Shining One

Shops:
D:2 (   D:3 =


Innate Abilities, Weirdness & Mutations

You have temporarily grown beastly horns and talons.
You can breathe wild blasts of lightning.
Your glossy black scales are hard. (AC +6)
You cannot fit into any form of body armour.
You are resistant to electric shocks. (rElec)
You are cold-blooded and may be slowed by cold attacks.


Message History

Magic restored.
You start resting.
An orc warrior comes into view. It is wielding a +0 falchion.
You see here a +0 club.
You start resting.
An orc warrior is nearby!
Casting: Beastly Appendage (safe; 11% risk of failure)
Confirm with . or Enter, or press ? or * to list all spells.
You grow a pair of large bovine horns.
Your feet morph into talons.
The orc warrior hits you with a +0 falchion.
You hit the orc warrior. Your kick misses the orc warrior.
You headbutt the orc warrior, but do no damage.
Your tail-slap misses the orc warrior.
The orc warrior is lightly wounded.
The orc warrior hits you with a +0 falchion!
You barely miss the orc warrior. Your kick misses the orc warrior.
You tail-slap the orc warrior, but do no damage.
The orc warrior is lightly wounded.
The orc warrior hits you with a +0 falchion!
* * * LOW HITPOINT WARNING * * *
Okay, then.
Okay, then.
You feel much better.
The orc warrior hits you with a +0 falchion!
It was a potion of attraction.
You feel attractive to monsters.
The orc warrior hits you but does no damage.
You hit the orc warrior but do no damage.
Your kick misses the orc warrior. Your headbutt misses the orc warrior.
The orc warrior is lightly wounded.
The orc warrior hits you with a +0 falchion!
You hit the orc warrior. Your kick misses the orc warrior.
The orc warrior blocks your attack.
Your tail-slap misses the orc warrior.
The orc warrior is lightly wounded.
The orc warrior hits you with a +0 falchion!
* * * LOW HITPOINT WARNING * * *
It was a potion of haste.
You feel yourself speed up.
Your transformation is almost over.
The orc warrior hits you with a +0 falchion!
You die...

### ...# .....# .
...... ##..$
......########......
..........))........
.....#....@)##.##...
......!...o## .#
..........####.##
......#.........##
.$... ##..........
.... #..)....## #..
#.......# #######
#......o# . #<....#
#.......## ..


You could see an orc warrior.

Vanquished Creatures
  Eustachio (D:6)
  A centaur (D:5)
  A scorpion (D:6)
  2 howler monkeys
  A jelly (D:6)
  3 orc priests
  Jessica (D:3)
  Natasha (thrice) (D:3)
  3 iguanas
  An orc wizard (D:4)
  13 gnolls
  8 adders
  A white imp (D:6)
  An ufetubus (D:5)
  2 worms (D:3)
  A dart slug (D:2)
  10 orcs
  4 endoplasms
  2 giant cockroaches
  10 goblins
  8 hobgoblins
  4 jackals (D:4)
  2 quokkas (D:1)
  4 ball pythons
  7 bats
  5 frilled lizards
  7 kobolds
  6 rats
112 creatures vanquished.

Vanquished Creatures (others)
  4 plants (D:2)
4 creatures vanquished.

Grand Total: 116 creatures vanquished

Notes
Turn   | Place    | Note
-------+----------+-------------------------------------------
     0 | D:1      | Toastz the Draconian Transmuter began the quest for the
                  | Orb.
     0 | D:1      | Reached XP level 1. HP: 16/16 MP: 3/3
   264 | D:1      | Reached XP level 2. HP: 16/23 MP: 3/5
   499 | D:1      | Learned a level 2 spell: Wereblood
   855 | D:2      | Found Faloc's Weapon Shop.
   935 | D:2      | Reached skill level 4 in Unarmed Combat
   935 | D:2      | Reached XP level 3. HP: 3/29 MP: 4/6
  1922 | D:3      | Reached XP level 4. HP: 31/37 MP: 5/7
  2074 | D:3      | Noticed Jessica
  2084 | D:3      | Killed Jessica
  2130 | D:3      | Found a faded altar of an unknown god.
  2213 | D:3      | Noticed Natasha
  2223 | D:3      | Killed Natasha
  2224 | D:3      | Reached skill level 5 in Unarmed Combat
  2224 | D:3      | Reached XP level 5. HP: 39/45 MP: 6/8
  2498 | D:3      | Noticed Natasha
  2509 | D:3      | Killed Natasha
  2916 | D:3      | Found Ofemno's Jewellery Shop.
  3182 | D:3      | Noticed Natasha
  3195 | D:3      | Killed Natasha
  3307 | D:3      | Reached XP level 6. HP: 35/52 MP: 7/9
  3726 | D:4      | Found a white marble altar of Elyvilon.
  3744 | D:4      | Reached skill level 6 in Unarmed Combat
  3744 | D:4      | Found a snail-covered altar of Cheibriados.
  3767 | D:4      | Found a shadowy altar of Dithmenos.
  3767 | D:4      | Found a blossoming altar of Fedhas.
  4128 | D:4      | Found a shimmering altar of Xom.
  4607 | D:5      | Entered Level 5 of the Dungeon
  4683 | D:5      | Your scales start taking on a glossy black colour.
  4683 | D:5      | Reached XP level 7. HP: 55/60 MP: 10/10
  4683 | D:5      | Gained mutation: You are resistant to electric shocks.
                  | (rElec) [Black Draconian growth]
  4823 | D:5      | Found a staircase to the Ecumenical Temple.
  4965 | Temple   | Entered the Ecumenical Temple
  5190 | Temple   | Became a worshipper of Makhleb the Destroyer
  5720 | D:5      | Reached skill level 5 in Fighting
  5720 | D:5      | Reached skill level 7 in Unarmed Combat
  6187 | D:6      | Noticed Eustachio
  6212 | D:6      | Killed Eustachio
  6305 | D:6      | Mangled by an orc warrior

Illustrated notes

Levels and vault maps discovered:
D:1:      lightli_arrival_maybe_door_vault, layout_rooms
D:2:      layout_rooms, serial_shops,
          nicolae_shop_temple_entry_statues_fountains, guppyfry_early_lair_pool
D:3:      layout_basic, shapermc_ecumenical_altar_flowoftime, serial_shops,
          shop, uniq_natasha, uniq_jessica
D:4:      layout_rooms, nicolae_overflow_hallway_of_the_gods
D:5:      layout_loops_corners, minmay_temple_entry_antechambers
D:6:      layout_rooms, gammafunk_ghost_split, sword_in_stone
Temple:   regret_index_temple_generic_petals

Skill      XL: |  1  2  3  4  5  6  7 |
---------------+----------------------+-----
Fighting       | 2 3 4 5 |  5.6
Unarmed Combat | 4 5 6 7 |  7.9
Dodging        | 2 |  2.6
Spellcasting   | |  2.0
Transmutations | |  2.0

Action                   |  1- 3 |  4- 6 |  7- 9 || total
-------------------------+-------+-------+-------++-------
Melee: Unarmed           |   104 |   144 |    72 ||   320
       Kick              |    15 |    31 |    18 ||    64
       Tailslap          |     7 |    18 |    11 ||    36
       Headbutt          |     6 |    26 |     9 ||    41
       Punch             |     1 |     4 |     2 ||     7
Throw: Stone             |       |     7 |     1 ||     8
 Cast: Beastly Appendage |    25 |    31 |    15 ||    71
       Wereblood         |     2 |     3 |     2 ||     7
  Use: Scroll            |       |     5 |       ||     5
       Potion            |       |     1 |     4 ||     5
Armor: Skin              |    35 |    37 |    36 ||   108
Dodge: Dodged            |    71 |    67 |    33 ||   171

Table legend: (Time is in decaauts)
 A = Elapsed time spent in this place.
 B = Non-inter-level travel time spent in this place.
 C = Inter-level travel time spent in this place.
 D = Time resting spent in this place.
 E = Time spent auto-exploring this place.
 F = Levels seen in this place.
 G = Mean time per level.
                   A        B        C        D        E       F      G
               +--------+--------+--------+--------+--------+-----+--------+
         Total |   6274 |   6094 |    180 |   1593 |   3638 |   7 |  896.3 |
       Dungeon |   6019 |   5890 |    129 |   1593 |   3454 |   6 | 1003.2 |
        Temple |    254 |    203 |     51 |      0 |    184 |   1 |  254.0 |
               +--------+--------+--------+--------+--------+-----+--------+

Top non-repeatable levels by time:
     D:3: 1804 daAuts
     D:5: 1222 daAuts
     D:2: 1075 daAuts
     D:4: 892 daAuts
     D:1: 816 daAuts
  Temple: 254 daAuts
     D:6: 209 daAuts
